 Dungeon Crawl Stone Soup version 0.31-a0-188-g5e087ee2ca (webtiles) character file.

Game seed: 18439525768773068571

104 qw the Shooter (level 4, -3/25 HPs)
             Began as a Deep Elf Hunter on June 23, 2023.
             Slain by Grinder (5 damage)
             ... on level 3 of the Dungeon.
             The game lasted 00:00:42 (1555 turns).

qw the Shooter (Deep Elf Hunter)                    Turns: 1555, Time: 00:00:42

Health: -3/25      AC:  8    Str: 10    XL:     4   Next: 52%
Magic:  6/6        EV: 11    Int: 14    God:
Gold:   143        SH:  0    Dex: 18    Spells: 3/3 levels left

rFire   . . .        Y - +1 shortbow
rCold   . . .        (shield currently unavailable)
rNeg    . . .        d - +0 ring mail
rPois   .            (no helmet)
rElec   .            (no cloak)
rCorr   .            h - +2 pair of gloves
SInv    .            (no boots)
Will    .....        (no amulet)
Stlth   +            (no ring)
HPRegen 0.24/turn    (no ring)
MPRegen 0.10/turn

%: no passive effects
@: slowed, very slow
A: no striking features
a: no special abilities


You were on level 3 of the Dungeon.
You visited 1 branch of the dungeon, and saw 3 of its levels.

You collected 143 gold pieces.


   Skills:
 - Level 1.5 Fighting
 + Level 7.9 Ranged Weapons
 - Level 2.4 Dodging
 - Level 1.2 Stealth


You had 3 spell levels left.
You didn't know any spells.
Your spell library was empty.

Inventory:

Hand Weapons
 Y - a +1 shortbow (weapon)
Armour
 d - a +0 ring mail (worn)
 h - a +2 pair of gloves (worn)
Scrolls
 c - a scroll of identify
Potions
 j - a potion of curing {unknown}

Dungeon Overview and Level Annotations

Branches:
Dungeon (3/15)

Altars:
Uskayaw

Annotations:
D:3 Grinder


Message History

The cerulean imp hits you from afar with a +0 spear.
You shoot an arrow. The arrow barely misses Natasha.
The arrow hits the giant cockroach.
You kill the giant cockroach!
Natasha stares at you and mumbles some strange words.
The magic dart hits you.
The cerulean imp hits you but does no damage.
Natasha casts a spell.
You shoot an arrow. The arrow hits Natasha!
You kill Natasha!
Natasha screams in fury as she dies!
The cerulean imp disappears in a puff of smoke!
You start resting.
Grinder comes into view.
You shoot an arrow.
Grinder shouts!
The arrow hits Grinder!
Grinder is lightly wounded.
Grinder blinks!
You start resting.
Grinder is nearby!
You shoot an arrow. The arrow hits Grinder.
Grinder is moderately wounded.
Grinder gestures at you. Pain shoots through your body!
You shoot an arrow. The arrow barely misses Grinder.
Grinder gestures at you.
You suddenly lose the ability to move!
You can move again.
You shoot an arrow. The arrow hits Grinder.
Grinder is heavily wounded.
Grinder gestures at you. Pain shoots through your body!
You shoot an arrow.
The arrow hits Grinder but does no damage.
Grinder is heavily wounded.
Grinder barely misses you.
You shoot an arrow. The arrow closely misses Grinder.
Grinder hits you.
You die...

#. .# #.# ####.#### #.#
#.%)....# ####.####.......#
.## ........#.......## ....
#.....%..._..... .....
#.....#...%..%#
......###.#...#%......#
#%5@..#.###..%%...# #.
......###.....####.####
#...##########.### #..#
#...#.....# #.# #.##
#...#...<.# #.# ###.######
#.........# #.# #........#
#####.....# #.# #.....#..#
####......# #.###........#
........######.............


You could see Grinder.

Vanquished Creatures
  Natasha (D:3)
  2 adders (D:2)
  A worm (D:2)
  2 dart slugs (D:1)
  2 ball pythons (D:1)
  5 endoplasms
  2 giant cockroaches (D:3)
  9 goblins
  4 hobgoblins
  4 jackals
  5 kobolds
  3 quokkas
  3 bats
  4 frilled lizards
  5 rats
52 creatures vanquished.

Notes
Turn   | Place    | Note
-------+----------+-------------------------------------------
     0 | D:1      | qw the Deep Elf Hunter began the quest for the Orb.
     0 | D:1      | Reached XP level 1. HP: 12/12 MP: 3/3
     0 | D:1      | 0 ||| qw: Version: 0.3-a-9-g12657ce
     0 | D:1      | 0 ||| qw: Game counter: 3132
     0 | D:1      | 0 ||| qw: Always use a shield: true
     0 | D:1      | 0 ||| qw: God list: Okawaru
     0 | D:1      | 0 ||| qw: Allow faded altars: false
     0 | D:1      | 0 ||| qw: Do Orc after D:15 true
     0 | D:1      | 0 ||| qw: Do second Lair branch before Depths: true
     0 | D:1      | 0 ||| qw: Lair rune preference: random
     0 | D:1      | 0 ||| qw: Plans: Normal
     0 | D:1      | 0 ||| PLANNING D:1-11
   158 | D:1      | Reached XP level 2. HP: 16/16 MP: 4/4
   164 | D:1      | Reached skill level 6 in Ranged Weapons
   656 | D:1      | 656 ||| UPGRADING to +0 ring mail.
   666 | D:1      | 666 ||| DROPPING +0 leather armour.
   667 | D:1      | 667 ||| UPGRADING to +2 pair of gloves.
   672 | D:1      | 672 ||| READING scroll labelled QOPHA RAUWN.
   673 | D:1      | 673 ||| READING scroll labelled IRGHEPN HEUREVI.
   774 | D:1      | 774 ||| READING 2 scrolls labelled WEUSEFEEMA.
   775 | D:1      | 775 ||| READING scroll labelled EMERCH UNIP.
   776 | D:1      | 776 ||| DROPPING scroll of butterflies.
   777 | D:1      | 777 ||| DROPPING scroll of immolation.
   869 | D:2      | Reached XP level 3. HP: 20/20 MP: 5/5
   879 | D:2      | Reached skill level 7 in Ranged Weapons
  1187 | D:2      | Reached XP level 4. HP: 25/25 MP: 6/6
  1214 | D:2      | Found a faded altar of an unknown god.
  1377 | D:2      | 1377 ||| READING scroll labelled UKHASO FAITROW.
  1378 | D:2      | 1378 ||| READING scroll labelled RUSUPRU YTTER.
  1381 | D:2      | 1381 ||| READING scroll labelled IKHLOS OBRANNOA.
  1382 | D:2      | 1382 ||| READING 4 scrolls of identify.
  1382 | D:2      | 1382 ||| IDENTIFYING fuming blue potion
  1383 | D:2      | 1383 ||| READING 3 scrolls of identify.
  1383 | D:2      | 1383 ||| IDENTIFYING fuming black potion
  1384 | D:2      | 1384 ||| READING 2 scrolls of identify.
  1384 | D:2      | 1384 ||| IDENTIFYING inky potion
  1385 | D:2      | 1385 ||| DROPPING potion of brilliance.
  1386 | D:2      | 1386 ||| DROPPING potion of attraction.
  1387 | D:2      | 1387 ||| DROPPING potion of magic.
  1500 | D:3      | Found a hide-covered altar of Uskayaw.
  1530 | D:3      | Noticed Natasha
  1541 | D:3      | Killed Natasha
  1546 | D:3      | Noticed Grinder
  1550 | D:3      | HP: 6/25 [Grinder/nerve-wracking pain (12)]
  1551 | D:3      | Paralysed by Grinder for 2 turns
  1553 | D:3      | HP: 1/25 [Grinder/nerve-wracking pain (6)]
  1555 | D:3      | Slain by Grinder

Levels and vault maps discovered:
D:1:      scummos_arrival_forest, layout_basic, st_stairs_11
D:2:      minmay_recursive_quarters, layout_rooms,
          dreamdust_ecumenical_altar_hidden_monk_grotto
D:3:      layout_loops_cross, nicolae_uskayaw_murder_on_the_dancefloor,
          mainiacjoe_overflow_alcove_4, nicolae_overflow_ecumenical_swirl,
          chequers_temple_overflow_minitemple, minmay_misc_feat_enclosed,
          kennysheep_generic_room_14, uniq_natasha, uniq_ijyb, uniq_grinder,
          uniq_sigmund

Skill      XL: |  1  2  3 |
---------------+----------+-----
Ranged Weapons | 6 7 |  7.9
Fighting       | |  1.5
Dodging        | |  2.4
Stealth        | |  1.2

Action                     |  1- 3 |  4- 6 || total
---------------------------+-------+-------++-------
   Fire: Shortbow          |   112 |    45 ||   157
    Use: Scroll            |     4 |     6 ||    10
 Armour: Leather armour    |     6 |       ||     6
         Ring mail         |    14 |     8 ||    22
  Dodge: Dodged            |    37 |     9 ||    46

Table legend:
 A = Non-vault XP
 B = Vault XP
 C = Vault XP percentage of total XP
 D = Non-vault monster count
 E = Vault monster count
 F = Vault count percentage of total count
                 A         B        C        D         E       F
            +---------+---------+-------+---------+---------+-------
      Total |      98 |      51 |  34.2 |      41 |      11 |  21.2
            +---------+---------+-------+---------+---------+-------
        D:1 |      32 |       4 |  11.1 |      16 |       3 |  15.8
        D:2 |      50 |      12 |  19.4 |      15 |       6 |  28.6
        D:3 |      16 |      35 |  68.6 |      10 |       2 |  16.7
            +---------+---------+-------+---------+---------+-------
